 Dungeon Crawl Stone Soup version 0.30.1-4-g462c640d31 (webtiles) character file.

Game seed: 2206169641384930217

84 Mune the Grave Robber (level 4, 0/30 HPs)
             Began as a Mummy Necromancer on Aug 12, 2023.
             Slain by an iguana (4 damage)
             ... on level 3 of the Dungeon.
             The game lasted 00:05:17 (2728 turns).

Mune the Grave Robber (Mummy Necromancer)           Turns: 2728, Time: 00:05:18

Health: 0/30       AC:  8    Str: 11    XL:     4   Next: 24%
Magic:  3/8        EV: 12    Int: 16    God:
Gold:   186        SH:  0    Dex: 12    Spells: 7/8 levels left

rFire   . . .        f - +1 short sword (venom)
rCold   . . .        (no shield)
rNeg    + + +        a - +0 robe
rPois   ∞            (no helmet)
rElec   .            h - +0 cloak
rCorr   .            i - +0 pair of gloves
SInv    .            (no boots)
Will    .....        (no amulet)
Stlth   ++           g - +4 ring of protection
HPRegen 0.25/turn    d - ring of fire
MPRegen 0.11/turn

%: faith
@: no status effects
A: cold resistance 1, negative energy resistance 3, torment resistance 2, heat
vulnerability 1, in touch with death 1, no potions, faith
a: no special abilities


You were on level 3 of the Dungeon.
You visited 1 branch of the dungeon, and saw 4 of its levels.

You collected 186 gold pieces.

Inventory:

Hand Weapons
 c - a +0 dagger
 f - a +1 short sword of venom (weapon)
Armour
 a - a +0 robe (worn)
 h - a +0 cloak (worn)
 i - a +0 pair of gloves (worn)
Jewellery
 d - a ring of fire (right hand)
 g - a +4 ring of protection (left hand)
Scrolls
 b - 3 scrolls of amnesia


   Skills:
 + Level 1.1 Short Blades
 + Level 2.3 Dodging
 - Level 1.7 Stealth
 - Level 2.9 Spellcasting
 * Level 4.9 Necromancy


You had 7 spell levels left.
You knew the following spells:

 Your Spells              Type           Power      Damage    Failure   Level
a - Necrotise             Necr           100%       1d9       2%          1

Your spell library contained the following spells:

 Spells                   Type           Power      Damage    Failure   Level
 Vampiric Draining        Necr           27%        2d7       8%          3
 Foxfire                  Conj/Fire      12%        2x1d4     19%         1
 Animate Dead             Necr           27%        N/A       26%         4
 Agony                    Necr           27%        N/A       56%         5
 Fireball                 Conj/Fire      1%         3d3       99%         5
 Plasma Beam              Fire/Air       1%         2x1d12    100%        6
 Starburst                Conj/Fire      1%         6d3       100%        6


Dungeon Overview and Level Annotations

Branches:
Dungeon (4/15)
 Temple: D:4-7

Altars:
Ru

Shops:
D:4 *


Innate Abilities, Weirdness & Mutations

You are immune to poison.
Your flesh is cold resistant. (rC+)
You are immune to negative energy. (rN+++)
You are immune to unholy pain and torment.
You are vulnerable to heat. (rF-)
You are in touch with the powers of death.
You do not drink.
You have a special connection with the divine. (Faith)


Message History

The sleepcap barely misses you.
You feel a surge of power!
The sleepcap writhes in agony.
The sleepcap barely misses you. The iguana bites you.
The sleepcap releases spores at you.
You climb upwards.
There is a stone staircase leading down here.
Casting: Necrotise (safe; 2% risk of failure)
Confirm with . or Enter, or press ? or * to list all spells.
Aiming: Necrotise (safe; 2% risk of failure)
Press: ? - help, Shift-Dir - straight line, f - iguana
Aim: an iguana (chance to affect: 88%)
You feel a surge of power!
The iguana writhes in agony!
The iguana bites you! The sleepcap releases spores at you.
Casting: Necrotise (safe; 2% risk of failure)
Confirm with . or Enter, or press ? or * to list all spells.
Aiming: Necrotise (safe; 2% risk of failure)
Press: ? - help, Shift-Dir - straight line, p - iguana You feel a surge of power!
The sleepcap writhes in agony.
The iguana bites you.
* * * LOW HITPOINT WARNING * * *
The sleepcap releases spores at you.
* * * LOW HITPOINT WARNING * * *
You can't drink.
As you read the scroll labelled ZUFOLL ZOSTOL, it crumbles to dust.
It is a scroll of amnesia.
Really abort (and waste the scroll)? [Y]es or [N]o only, please.
Really abort (and waste the scroll)?
Really abort (and waste the scroll)?
Okay, then.
The iguana barely misses you. The sleepcap barely misses you.
As you read the scroll labelled ELIUMIARRAO, it crumbles to dust.
You hear a loud clanging noise!
It was a scroll of noise.
The iguana bites you.
* * * LOW HITPOINT WARNING * * *
The sleepcap releases spores at you but does no damage.
The iguana attacks as you move away!
The iguana bites you but does no damage.
The iguana attacks as you move away! The iguana closely misses you.
The iguana attacks as you move away! The iguana bites you.
You die...

###### ##..............#..##
#....# #..............#..#
####....# #...#..........#..##
........# ###.........<.........
...>....####.....................
.................................
....[......###...............#...
...........##................#...
...........>..fl@..#........###..
...........##.#).................
............(...............#####
..............######........#
...#.........## #...>....#
...#.####.....######...#...##
...#.# #..###.......#......#
.....###...........<..#....#####
...........########...#......>.##


You could see a sleepcap and an iguana.

Vanquished Creatures
  A gnoll (D:1)
  2 adders (D:3)
  2 worms
  2 dart slugs (D:3)
  2 endoplasms
  3 goblins
  8 hobgoblins
  3 jackals (D:2)
  3 quokkas
  2 ball pythons (D:2)
  3 bats
  2 frilled lizards
  4 kobolds (D:1)
  5 rats
42 creatures vanquished.

Vanquished Creatures (collateral kills)
  A hobgoblin (D:3)
  A kobold (D:2)
  A bat (D:2)
3 creatures vanquished.

Grand Total: 45 creatures vanquished

Notes
Turn   | Place    | Note
-------+----------+-------------------------------------------
     0 | D:1      | Mune the Mummy Necromancer began the quest for the Orb.
     0 | D:1      | Reached XP level 1. HP: 13/13 MP: 4/4
   577 | D:1      | Reached XP level 2. HP: 19/19 MP: 3/5
  1262 | D:2      | Gained mutation: You are in touch with the powers of death.
                  | [Mummy growth]
  1262 | D:2      | Reached XP level 3. HP: 24/24 MP: 5/7
  1462 | D:2      | Found a sacrificial altar of Ru.
  2215 | D:3      | Reached skill level 1 in Short Blades
  2263 | D:3      | Reached XP level 4. HP: 30/30 MP: 5/8
  2593 | D:3      | Found a sacrificial altar of Ru.
  2680 | D:4      | Noticed an ogre
  2712 | D:4      | Found Sasurr's Assorted Antiques.
  2728 | D:3      | Slain by an iguana

Illustrated notes

Levels and vault maps discovered:
D:1:      dpeg_arrival_renting, layout_loops_corners, minivault_23,
          dk_noncrumbling_4, hangedman_abyss_or_decor_lesser_grid
D:2:      layout_basic, basic_altar
D:3:      layout_rooms, lemuel_coloured_pillars_altar
D:4:      minmay_chambers_of_fours, layout_loops_ring,
          grunt_temple_overflow_diamond, mainiacjoe_overflow_six_doors_small,
          minmay_temple_entry_overgrown, serial_shops, nicolae_stop_n_shop_2,
          uniq_eustachio

Skill      XL: |  1  2  3 |
---------------+----------+-----
Dodging        | 2 |  2.3
Short Blades   | 1 |  1.1
Stealth        | |  1.7
Spellcasting   | |  2.9
Necromancy     | |  4.9

Action                     |  1- 3 |  4- 6 || total
---------------------------+-------+-------++-------
  Melee: Dagger            |     8 |       ||     8
   Cast: Necrotise         |    75 |    17 ||    92
    Use: Scroll            |       |     2 ||     2
 Armour: Robe              |     7 |     3 ||    10
  Dodge: Dodged            |    15 |     6 ||    21
